 Dungeon Crawl Stone Soup version 0.30.0-19-g36f170ea60 (webtiles) character file.

Game seed: 14613166350476198315

16452 Sabo the Cleaver (level 12, -12/94 HPs)
             Began as a Demonspawn Gladiator on May 26, 2023.
             Was a Follower of Ashenzari.
             Mangled by a titanic slime creature (95 damage)
             ... on level 12 of the Dungeon.
             The game lasted 01:06:01 (12274 turns).

Sabo the Cleaver (Demonspawn Gladiator)            Turns: 12274, Time: 01:06:02

Health: -12/94     AC: 18    Str: 18    XL:     12   Next: 10%
Magic:  12/12      EV: 12    Int: 10    God:    Ashenzari [*.....]
Gold:   720        SH:  5    Dex: 16    Spells: 11/11 levels left

rFire   . . .        u - +6 broad axe (elec)
rCold   + + .        s - +0 buckler
rNeg    . . .        o - +1 scale mail {rC+}
rPois   .            c - +2 helmet of the Restrained Fetters {Comp, Evo} (curse)
rElec   .            G - +1 cloak
rCorr   .            f - +0 pair of gloves
SInv    +            a - +1 pair of boots "Shattered Together" {Rampage *Slow +Blink SInv, Evo, Elem} (curse)
Will    +....        (no amulet)
Stlth   +            A - ring of protection from cold
HPRegen 0.35/turn    C - ring of willpower
MPRegen 0.13/turn

%: slow self (1%), rampage
@: no status effects
A: claws 1, ignite blood 1, powered by death 1, sanguine armour 2
a: Renounce Religion, Evoke Blink, Curse Item, Shatter the Chains


You were on level 12 of the Dungeon.
You worshipped Ashenzari.
Ashenzari was aware of your devotion.
You visited 2 branches of the dungeon, and saw 13 of its levels.
You also visited: Ossuary.

You collected 720 gold pieces.

Inventory:

Hand Weapons
 u - a +6 broad axe of electrocution (weapon)
 w - a +4 heavy dire flail
 D - the +4 short sword "Imigok" {drain, rC+}
   (You found it on level 5 of the Dungeon)

   rC:        It protects you from cold.
 F - a +2 quarterstaff of chaos
 I - a +0 shortbow
 J - a +3 scimitar of flaming
Missiles
 d - 6 throwing nets (quivered)
 e - 4 javelins
 h - 4 silver javelins
 t - 14 poisoned darts
 K - 2 curare-tipped darts
Armour
 a - the cursed +1 pair of boots "Shattered Together" (worn) {Rampage *Slow +Blink SInv, Evo, Elem}
   (You acquired it on level 2 of the Dungeon)

   SInv:      It lets you see invisible.
   +Blink:    It lets you blink.
   *Slow:     It may slow you when you take damage.
   Rampage:   It bestows one free step when moving towards enemies.
   It has a curse which improves the following skills: Evocations: Evocations.
   Elements:  Fire Magic, Ice Magic, Air Magic and Earth Magic.
 c - the cursed +2 helmet of the Restrained Fetters (worn) {Comp, Evo}

   It has a curse which improves the following skills: Companions: Summonings
   and Necromancy.
   Evocations: Evocations.
 f - a +0 pair of gloves (worn)
 o - a +1 scale mail of cold resistance (worn)
 s - a +0 buckler (worn)
 G - a +1 cloak (worn)
Jewellery
 A - a ring of protection from cold (left hand)
 C - a ring of willpower (right hand)
Wands
 v - a wand of polymorph (30)
 E - a wand of flame (21)
 M - a wand of light (5)
Scrolls
 m - 2 scrolls of blinking
 q - a scroll of brand weapon
 r - 4 scrolls of teleportation
 y - 2 scrolls of fear
 z - a scroll of magic mapping
 B - 3 scrolls of summoning
 H - a scroll of silence
 L - a scroll of fog
Potions
 b - a potion of berserk rage
 g - a potion of haste
 i - a potion of invisibility
 j - 12 potions of curing
 k - 6 potions of flight
 n - a potion of resistance
 p - 9 potions of heal wounds
 x - 2 potions of lignification
Miscellaneous
 l - a phial of floods


   Skills:
 + Level 8.7 Fighting
 + Level 13.4 Axes
 + Level 1.8 Throwing
 + Level 7.0 Armour
 + Level 5.4 Dodging
 + Level 2.1 Stealth
 + Level 4.7 Shields
 + Level 1.0 Unarmed Combat


You had 11 spell levels left.
You didn't know any spells.
Your spell library contained the following spells:

 Spells                   Type           Power      Damage    Failure   Level
 Freeze                   Ice            0%         1d3       80%         1
 Magic Dart               Conj           0%         1d3       80%         1
 Poisonous Vapours        Pois/Air       0%         N/A       90%         2
 Searing Ray              Conj           0%         2d4       90%         2
 Frozen Ramparts          Ice            0%         1d1       99%         3
 Gell's Gravitas          Tloc           0%         N/A       99%         3
 Hailstorm                Conj/Ice       0%         3d3       99%         3
 Ignite Poison            Fire/Tmut/Pois 0%         N/A       99%         3
 Inner Flame              Hex/Fire       0%         N/A       99%         3
 Mephitic Cloud           Conj/Pois/Air  0%         N/A       99%         3
 Teleport Other           Tloc           0%         N/A       99%         3
 Flame Wave               Conj/Fire      0%         2d4       100%        4
 Fulminant Prism          Conj/Hex       0%         3d5       100%        4
 Sticky Flame             Conj/Fire      0%         2d3       100%        4
 Freezing Cloud           Conj/Ice/Air   0%         6-21      100%        5
 Conjure Ball Lightning   Conj/Air       0%         3x3d6     100%        6
 Dispersal                Tloc           0%         N/A       100%        6
 Discord                  Hex            0%         N/A       100%        8
 Disjunction              Tloc           0%         N/A       100%        8
 Ignition                 Fire           0%         3d3       100%        8


Dungeon Overview and Level Annotations

Branches:
Dungeon (12/15)            Temple (1/1) D:6            Lair (0/5) D:10
    Orc (0/2) D:9         Ossuary (visited)

Altars:
Ashenzari
Cheibriados
Dithmenos
Fedhas
Gozag
Hepliaklqana
Kikubaaqudgha
Makhleb
Nemelex Xobeh
Okawaru
Qazlal
Ru
Sif Muna
Trog
Uskayaw
Vehumet
Wu Jian
Xom
Yredelemnul

Shops:
D:2 (   D:5 *

Portals:
Trove: D:10 (give +4 storm dragon scales)


Innate Abilities, Weirdness & Mutations

You have sharp fingernails.
Your demonic aura sometimes causes spilled blood to erupt in flames.
You regenerate a little health from kills.
When seriously injured, your blood forms thick armour. (AC +0)


Message History

You slash the very large slime creature!
The very large slime creature is moderately wounded.
You slash the very large slime creature!
Lightning courses through the very large slime creature!
The very large slime creature is moderately wounded.
The very large slime creature hits you.
Two slime creatures merge to form an enormous slime creature.
You hit the enormous slime creature.
The enormous slime creature is moderately wounded.
You slash the enormous slime creature!
The enormous slime creature is moderately wounded.
The enormous slime creature hits you but does no damage.
You slice the enormous slime creature!!
The enormous slime creature is heavily wounded.
A slime creature comes into view.
The enormous slime creature barely misses you.
You slash the enormous slime creature!
The enormous slime creature is heavily wounded.
The enormous slime creature hits you but does no damage.
You slice the enormous slime creature!!
The enormous slime creature is heavily wounded.
You block the enormous slime creature's attack.
You slash the enormous slime creature!
The enormous slime creature is severely wounded.
The enormous slime creature hits you.
You hit the enormous slime creature.
The enormous slime creature is severely wounded.
The enormous slime creature barely misses you.
You slash the enormous slime creature!
The enormous slime creature is severely wounded.
The enormous slime creature hits you but does no damage.
You slash the enormous slime creature!
The enormous slime creature is severely wounded.
Two slime creatures merge to form a titanic slime creature.
You hit the titanic slime creature.
Lightning courses through the titanic slime creature!!
The titanic slime creature is severely wounded.
The titanic slime creature hits you!!!!
Ouch! That really hurt!
You die...

#.##########.##.....####
######.#
..............=....
.......#
######.#.#.....####
######## #.###.#...####
##.#.........#
#."#.#..###.# #.##.#..#
# #.##.#..# #@##.#...
#J##.#.### #.##...#
#.####.# #.# #.# #.# #.#


You could see a titanic slime creature.

Vanquished Creatures
  A centaur warrior (D:8)
  2 two-headed ogres
  The ghost of howech the Twirler, a novice MiGl of Uskayaw (D:8)
  A cyclops (D:11)
  A gargoyle (D:11)
  A spectral unseen horror (D:9)
  A komodo dragon (D:11)
  An efreet (D:11)
  2 unseen horrors
  A rime drake (D:10)
  2 unseen horror skeletons (D:9)
  2 trolls (D:11)
  A polar bear (D:10)
  A hornet (D:9)
  4 shadows
  A vampire (D:9)
  A wyvern (D:7)
  A wraith (D:8)
  22 yaks
  Eustachio (D:5)
  5 vampire mosquitoes
  Edmund (D:4)
  A two-headed ogre zombie (D:9)
  4 water moccasins
  2 acid dragons
  Duvessa (D:6)
  3 orc warriors
  3 black bears
  2 sky beasts (D:8)
  5 ice beasts (D:10)
  3 ogres (D:8)
  2 centaurs
  2 wolves
  2 kobold brigands
  A bullfrog (D:6)
  4 gnoll sergeants (D:8)
  A water moccasin zombie (Ossuary)
  A wyvern skeleton (D:9)
  3 troll zombies (D:9)
  Dowan (D:6)
  6 killer bees (D:8)
  3 electric eels
  4 howler monkeys
  5 jellies
  7 hounds
  Crazy Yiuf (D:6)
  A centaur skeleton (D:9)
  3 orc priests
  3 gnoll boudas (D:8)
  An iguana (D:6)
  5 sleepcaps
  Ijyb (D:3)
  10 orc wizards
  4 ogre zombies (D:9)
  2 mummies (Ossuary)
  5 adders
  21 gnolls (D:8)
  A shadow imp (D:6)
  A white imp (D:6)
  2 adder zombies (Ossuary)
  4 dart slugs
  A worm (D:2)
  28 orcs
  A ball python (D:4)
  6 endoplasms
  A giant cockroach (D:2)
  13 goblins
  9 hobgoblins
  15 jackals
  3 quokkas
  5 bats
  A frilled lizard (D:2)
  3 gnoll zombies (Ossuary)
  A goblin skeleton (D:9)
  A goblin zombie (D:9)
  A hobgoblin skeleton (D:9)
  14 hobgoblin zombies
  13 kobolds
  9 kobold zombies (Ossuary)
  An orc skeleton (D:9)
  20 orc zombies
  3 rats
334 creatures vanquished.

Vanquished Creatures (others)
  An orc wizard (D:7)
  An orc (D:7)
2 creatures vanquished.

Grand Total: 336 creatures vanquished

Notes
Turn   | Place    | Note
-------+----------+-------------------------------------------
     0 | D:1      | Sabo the Demonspawn Gladiator began the quest for the Orb.
     0 | D:1      | Reached XP level 1. HP: 16/16 MP: 1/1
    81 | D:1      | Gained mutation: Your demonic aura sometimes causes spilled
                  | blood to erupt in flames. [demonic ancestry]
    81 | D:1      | Reached XP level 2. HP: 22/22 MP: 2/2
    99 | D:1      | Reached skill level 3 in Axes
   245 | D:1      | Gained mutation: You have sharp fingernails. [demonic
                  | ancestry]
   245 | D:1      | Reached XP level 3. HP: 27/27 MP: 3/3
   601 | D:2      | Found Puqis's Antique Weapon Emporium.
  1013 | D:2      | Found a faded altar of an unknown god.
  1453 | D:2      | Identified 2 scrolls of acquirement
  1453 | D:2      | Acquired a +6 broad axe of electrocution
  1459 | D:2      | Acquired the +1 pair of boots of Minor Irritation {Rampage
                  | *Slow +Blink SInv}
  1614 | D:3      | Reached XP level 4. HP: 33/33 MP: 4/4
  1927 | D:3      | Reached skill level 4 in Axes
  2150 | D:3      | Reached skill level 1 in Armour
  2384 | D:3      | Noticed Ijyb
  2394 | D:3      | Killed Ijyb
  2688 | D:4      | Gained mutation: You regenerate a little health from kills.
                  | [demonic ancestry]
  2688 | D:4      | Reached XP level 5. HP: 35/39 MP: 5/5
  2903 | D:4      | Noticed Edmund
  2911 | D:4      | Killed Edmund
  2912 | D:4      | Reached skill level 5 in Axes
  2912 | D:4      | Reached skill level 1 in Unarmed Combat
  2912 | D:4      | Gained mutation: When seriously injured, your blood forms
                  | armour. (AC +0) [demonic ancestry]
  2912 | D:4      | Reached XP level 6. HP: 29/46 MP: 6/6
  3660 | D:5      | Entered Level 5 of the Dungeon
  3678 | D:5      | Found a sand-covered staircase.
  3695 | Ossuary  | Entered an ossuary
  3958 | D:5      | Found Ihiomoel's General Store.
  4374 | D:5      | Noticed Eustachio
  4377 | D:5      | Reached skill level 6 in Axes
  4377 | D:5      | Reached XP level 7. HP: 52/52 MP: 7/7
  4386 | D:5      | Killed Eustachio
  4649 | D:5      | Identified the +4 short sword "Imigok" {drain, rC+}
  4805 | D:6      | Found a staircase to the Ecumenical Temple.
  4806 | D:6      | Noticed Dowan
  4808 | D:6      | Noticed Duvessa
  4809 | D:6      | Killed Dowan
  4810 | D:6      | Reached skill level 1 in Shields
  4817 | D:6      | Killed Duvessa
  4849 | Temple   | Entered the Ecumenical Temple
  5074 | Temple   | Became a worshipper of Ashenzari the Shackled
  5150 | D:6      | Found an iron altar of Okawaru.
  5176 | D:6      | Reached skill level 7 in Axes
  5176 | D:6      | Reached XP level 8. HP: 54/60 MP: 8/8
  5513 | D:6      | Reached skill level 8 in Axes
  5790 | D:6      | Reached skill level 5 in Fighting
  5900 | D:6      | Reached XP level 9. HP: 68/68 MP: 9/9
  5947 | D:6      | Found a runed translucent door.
  5948 | D:6      | Noticed Crazy Yiuf
  5953 | D:6      | Killed Crazy Yiuf
  6096 | D:6      | Found an ornate altar of the Wu Jian Council.
  6281 | D:7      | Reached skill level 1 in Stealth
  6348 | D:7      | Reached skill level 9 in Axes
  6790 | D:7      | Found a shimmering altar of Xom.
  6828 | D:7      | Found a burning altar of Makhleb.
  7413 | D:8      | Found a transporter.
  7414 | D:8      | Reached * piety under Ashenzari
  7422 | D:8      | Reached skill level 10 in Axes
  7466 | D:8      | Found a flagged portal.
  7504 | D:9      | Reached XP level 10. HP: 71/77 MP: 10/10
  7559 | D:9      | Reached skill level 5 in Armour
  7975 | D:9      | Found a staircase to the Orcish Mines.
  8003 | D:9      | Noticed a two-headed ogre
  8020 | D:9      | Killed a two-headed ogre
  8021 | D:9      | Reached skill level 11 in Axes
  8481 | D:9      | Paralysed by a hornet for 2 turns
  8593 | D:9      | Found a snail-covered altar of Cheibriados.
  8964 | D:8      | Noticed a centaur warrior
  8980 | D:8      | Reached XP level 11. HP: 51/84 MP: 11/11
  8980 | D:8      | Killed a centaur warrior
  9028 | D:8      | Found an opulent altar of Gozag.
  9138 | D:8      | Found a transporter.
  9144 | D:8      | Identified the +6 glaive of Rethy {holy, Fly rF+ rN+ Str-4}
  9174 | D:8      | Reached skill level 12 in Axes
  9205 | D:8      | Noticed howech's ghost (novice MiGl)
  9205 | D:8      | Identified the +4 great mace "Ciob" {holy, rC+ Str-4 Int+3}
  9412 | D:8      | Killed howech's ghost
  9670 | D:8      | Reached skill level 5 in Dodging
 10117 | D:10     | Entered Level 10 of the Dungeon
 10131 | D:10     | Noticed a two-headed ogre
 10138 | D:10     | Killed a two-headed ogre
 10279 | D:10     | Found a portal to a secret trove of treasure.
 10651 | D:10     | Found a staircase to the Lair.
 10664 | D:10     | Reached skill level 13 in Axes
 11736 | D:11     | Gained mutation: When seriously injured, your blood forms
                  | thick armour. (AC +0) [demonic ancestry]
 11736 | D:11     | Reached XP level 12. HP: 87/94 MP: 12/12
 12274 | D:12     | Mangled by a titanic slime creature

Illustrated notes

Levels and vault maps discovered:
D:1:      lightli_arrival_chessboard, layout_rooms
D:2:      layout_loops_corners, hellmonk_ecumenical_altar_run_dry, serial_shops,
          nicolae_shop_behind_doors, minmay_strange_pillars
D:3:      layout_basic, uniq_ijyb
D:4:      layout_cave_pods, mainiacjoe_overflow_alcove_1,
          chequers_serial_rivers_marsh, chequers_mini_garden, uniq_edmund
D:5:      layout_loops_corners, lightli_ossuary_entry_decrepit_ruins,
          serial_shops, kennysheep_mini, corexii_corridor_pit,
          dreamdust_princess_bridge, uniq_eustachio
D:6:      layout_loops_ring, mainiacjoe_overflow_concentric_impassable,
          nzn_wu_jian_contemplation, minmay_temple_entry_sparse_star,
          kennysheep_path_1, uniq_crazy_yiuf_cottage, uniq_duvessa
D:7:      layout_basic, mainiacjoe_overflow_small_starburst, xom_teletrap_fun,
          amcnicky_mini_pool_medium
D:8:      layout_cave_pools, nicolae_gozag_seed_capital, gammafunk_ghost_smash,
          serial_gnoll_camp, gnoll_camp_mini_doghouse, gnoll_camp_mini_hut,
          gnoll_camp_mini_house, gnoll_camp_huts_basic, gnoll_camp_medium_01,
          gnoll_camp_mini_hut, enter_bailey_5
D:9:      layout_basic, mainiacjoe_overflow_24_doors, marbit_many_paths,
          zombieorc2_lemuel, hangedman_weighted_door
D:10:     layout_roguey, hellmonk_lair_entry_icy, enter_trove_0
D:11:     layout_stronghold
D:12:     layout_loops_ring
Temple:   dpeg_chambers_temple

Skill      XL: |  1  2  3  4  5  6  7  8  9 10 11 12 |
---------------+-------------------------------------+-----
Axes           | 3 4 5 6 7 8 10 11 13 | 13.4
Dodging        | 3 4 5 |  5.4
Armour         | 1 2 3 4 5 6 7 |  7.0
Unarmed Combat | 1 |  1.0
Fighting       | 3 4 5 6 7 8 |  8.7
Shields        | 1 2 3 4 |  4.7
Stealth        | 1 2 |  2.1
Throwing       | |  1.8

Action                     |  1- 3 |  4- 6 |  7- 9 | 10-12 || total
---------------------------+-------+-------+-------+-------++-------
  Melee: War axe           |    90 |       |       |       ||    90
         Broad axe         |     1 |   107 |   182 |   365 ||   655
         Unarmed           |       |     5 |       |       ||     5
 Invoke: Curse Item        |       |       |     2 |       ||     2
    Use: Scroll            |     4 |     9 |     8 |     1 ||    22
 Armour: Leather armour    |     3 |       |       |       ||     3
         Scale mail        |    51 |    12 |    63 |   211 ||   337
         Skin              |       |     2 |       |       ||     2
         Chain mail        |       |    40 |    70 |       ||   110
  Dodge: Dodged            |    81 |    41 |    90 |   208 ||   420
  Block: Buckler           |       |    17 |    44 |   112 ||   173
